Map: [ESL] Cosmic Sapphire

Players

Namshar

  • Race: Zerg Zerg
  • Spawn Location: 5:00

Nina - Winner!

  • Race: Protoss Protoss
  • Spawn Location: 11:00

Event: DreamHack SC2 Masters 2022 Atlanta (Online)

VOD

Have the link to the VOD?

Description

Time

  • Played on: Oct. 13, 2022, 4:16 p.m.
  • Length: 12:16

All games in this series

Show
View Real Time Build Order
Export as new Build Order

Namshar Zerg 

Build Orders: Hatch First 

Get SALT Encoding   

  12  0:01  Drone  
  13  0:12  Overlord  
  13  0:16  Drone  
  14  0:30  Drone x2  
  16  0:47  Hatchery  
  15  0:50  Drone  
  15  0:54  Drone  
  17  0:57  Drone  
  18  1:09  Extractor  
  17  1:12  Spawning Pool  
  17  1:16  Drone  
  17  1:19  Drone  
  18  1:27  Drone  
  19  1:39  Drone  
  20  1:50  Drone  
  21  2:00  Queen x2  
  25  2:01  Zergling x2, Overlord  
  26  2:12  Metabolic Boost  
  26  2:13  Drone x2  
  28  2:24  Drone x2  
  30  2:31  Drone  
  30  2:32  Drone  
  32  2:39  Hatchery  
  32  2:44  Drone  
  31  2:45  Overlord  
  31  2:55  Zergling x4  
  33  3:01  Queen  
  35  3:06  Drone x2  
  37  3:13  Drone x2, Evolution Chamber  
  37  3:14  Drone x2  
  39  3:22  Drone  
  39  3:23  Drone x2  
  41  3:30  Spore Crawler  
  41  3:31  Drone  
  41  3:38  Queen  
  41  3:40  Zerg Melee Weapons Level 1  
  43  3:46  Overlord x2  
  43  3:54  Queen  
  46  3:56  Overlord  
  46  3:58  Drone  
  46  3:59  Roach Warren  
  46  4:07  Zergling x12  
  52  4:17  Zergling x12  
  58  4:24  Spore Crawler  
  58  4:25  Spore Crawler  
  58  4:28  Drone  
  58  4:29  Drone  
  58  4:32  Queen  
  58  4:37  Spore Crawler, Overlord  
  59  4:43  Drone x4  
  62  4:53  Zergling x10  
  62  4:58  Zergling x8  
  70  5:05  Zergling x8  
  72  5:17  Drone, Overlord  
  72  5:18  Drone x2  
  75  5:21  Lair  
  75  5:26  Drone x4  
  78  5:33  Drone x3  
  78  5:39  Roach Warren  
  78  5:40  Zerg Missile Weapons Level 1  
  77  5:43  Queen  
  77  5:44  Drone x3  
  77  5:46  Overlord  
  82  5:50  Baneling Nest  
  82  5:56  Overlord x2  
  81  6:00  Overlord  
  81  6:01  Drone  
  81  6:03  Overlord x2  
  82  6:05  Drone x2  
  82  6:06  Extractor  
  82  6:09  Drone  
  82  6:10  Drone x3  
  87  6:16  Drone x5  
  87  6:17  Drone  
  92  6:20  Drone x2  
  92  6:21  Drone  
  92  6:23  Glial Reconstitution  
  95  6:26  Extractor  
  95  6:27  Extractor  
  95  6:32  Overlord  
  93  6:33  Extractor  
  93  6:36  Roach x4  
  100  6:44  Queen  
  102  6:52  Overlord x2  
  102  6:53  Drone  
  102  6:54  Drone x8  
  109  7:03  Centrifugal Hooks  
  109  7:07  Extractor  
  108  7:09  Hatchery  
  108  7:12  Drone x2  
  108  7:13  Roach x3  
  115  7:20  Overlord x2  
  115  7:22  Roach x3  
  127  7:23  Roach x3  
  127  7:32  Roach x4  
  135  7:41  Zerg Melee Weapons Level 2  
  135  7:52  Pneumatized Carapace  
  135  7:54  Overseer  
  135  8:13  Drone x13  
  135  8:17  Spore Crawler  
  135  8:18  Drone  
  135  8:19  Spine Crawler  
  147  8:24  Ravager x6  
  147  8:25  Baneling x3, Ravager  
  153  8:27  Baneling  
  153  8:29  Extractor  
  153  8:30  Overlord x4  
  153  8:31  Extractor  
  151  8:40  Spine Crawler  
  151  8:41  Drone x3  
  153  8:42  Baneling  
  153  8:43  Baneling x7  
  153  8:44  Spine Crawler x2  
  153  8:45  Baneling x2  
  149  8:50  Roach  
  149  8:51  Roach x4  
  159  8:56  Drone  
  159  8:57  Infestation Pit  
  159  9:04  Spine Crawler  
  159  9:05  Drone x3, Spine Crawler  
  159  9:06  Spine Crawler  
  158  9:17  Spine Crawler  
  158  9:19  Zergling x36, Roach  
  172  9:35  Hive  
  172  9:36  Drone  
  172  9:38  Spire  
  171  9:40  Baneling x17  
  171  9:45  Baneling x8  
  171  9:52  Zergling x32  
  184  10:03  Hatchery  
  183  10:07  Zergling x10  
  186  10:17  Zergling x18  
  195  10:27  Drone x4  
  197  10:32  Zergling x2, Roach  
  197  10:33  Queen x2  
  194  10:36  Baneling  
  194  10:37  Baneling  
  194  10:40  Baneling  
  194  10:41  Baneling x15  
  194  10:48  Baneling x10  
  194  10:52  Greater Spire  
  191  11:05  Zergling x2  
  191  11:06  Zergling x30  
  173  11:14  Roach  
  173  11:18  Roach x5  
  166  11:24  Ravager  
  166  11:25  Baneling x6, Ravager x2  
  169  11:28  Roach x6  
  173  11:38  Roach x6  
  180  11:46  Roach x6  
  170  11:48  Baneling  
  170  11:54  Ravager x4  
  167  11:55  Roach x2  
Show
View Real Time Build Order
Export as new Build Order

Nina Protoss - Winner!

Build Orders: 1 Gate Expand, Zealot Archon, Archon Drop, Dark Templar Rush 

Get SALT Encoding   

  12  0:00  Probe  
  13  0:12  Probe  
  14  0:20  Pylon  
  14  0:24  Probe  
  15  0:39  Probe (Chrono Boost)  
  15  0:40  Gateway  
  16  0:45  Assimilator  
  16  0:47  Probe (Chrono Boost)  
  17  0:54  Probe  
  18  1:06  Probe  
  19  1:18  Probe  
  20  1:25  Nexus  
  20  1:35  Cybernetics Core  
  20  1:37  Probe  
  21  1:48  Assimilator  
  21  1:49  Probe  
  21  1:54  Pylon  
  22  2:01  Probe  
  23  2:09  Adept (Chrono Boost), Probe  
  26  2:15  Warp Gate  
  26  2:18  Probe  
  27  2:26  Twilight Council  
  27  2:30  Probe  
  27  2:34  Adept  
  31  2:44  Probe (Chrono Boost)  
  31  2:47  Probe (Chrono Boost)  
  32  2:54  Probe (Chrono Boost)  
  32  2:55  Robotics Facility  
  32  2:57  Probe (Chrono Boost)  
  34  2:59  Probe (Chrono Boost)  
  35  3:08  Probe  
  35  3:10  Dark Shrine  
  35  3:12  Probe  
  37  3:23  Probe (Chrono Boost), Gateway  
  37  3:24  Probe (Chrono Boost)  
  37  3:31  Pylon  
  37  3:32  Adept  
  41  3:35  Probe (Chrono Boost)  
  41  3:36  Probe (Chrono Boost)  
  41  3:40  Probe (Chrono Boost)  
  41  3:42  Warp Prism (Chrono Boost)  
  41  3:47  Probe  
  45  3:52  Probe  
  45  3:55  Pylon  
  46  3:59  Probe  
  47  4:04  Probe  
  48  4:11  Observer  
  48  4:15  Pylon  
  49  4:19  Nexus  
  49  4:20  Probe  
  49  4:21  Probe  
  51  4:25  Dark Templar x2  
  51  4:30  Assimilator  
  55  4:35  Shield Battery, Probe  
  55  4:37  Assimilator  
  56  4:40  Probe  
  57  4:47  Probe  
  57  4:48  Pylon  
  58  4:58  Adept, Dark Templar  
  58  4:59  Probe  
  60  5:00  Probe  
  60  5:01  Archon  
  60  5:04  Immortal  
  65  5:11  Probe  
  65  5:12  Gateway, Probe  
  67  5:22  Dark Templar  
  67  5:23  Probe  
  70  5:30  Probe (Chrono Boost)  
  72  5:36  Probe (Chrono Boost)  
  72  5:37  Shield Battery, Blink (Chrono Boost)  
  72  5:40  Probe (Chrono Boost)  
  72  5:42  Probe (Chrono Boost)  
  74  5:45  Pylon  
  74  5:47  Probe (Chrono Boost), Pylon  
  77  5:51  Probe x2 (Chrono Boost)  
  77  5:55  Probe (Chrono Boost)  
  78  5:59  Probe x2 (Chrono Boost)  
  78  6:00  Dark Templar  
  78  6:01  Dark Templar  
  78  6:03  Assimilator  
  85  6:04  Assimilator  
  85  6:05  Probe x3 (Chrono Boost)  
  85  6:10  Archon x2  
  87  6:13  Probe x2  
  87  6:14  Probe  
  87  6:17  Gateway, Pylon  
  90  6:18  Pylon  
  90  6:19  Observer (Chrono Boost), Forge  
  90  6:22  Forge  
  90  6:25  Probe x2  
  92  6:27  Probe  
  92  6:28  Gateway  
  92  6:31  Gateway  
  94  6:38  Immortal (Chrono Boost), Probe  
  99  6:40  Pylon  
  99  6:48  Robotics Bay  
  99  6:53  Probe  
  100  7:00  Stalker  
  100  7:01  Protoss Shields Level 1 (Chrono Boost), Stalker x2  
  106  7:04  Protoss Ground Weapons Level 1 (Chrono Boost)  
  106  7:05  Pylon  
  106  7:07  Pylon  
  106  7:08  Pylon  
  106  7:10  Immortal  
  106  7:15  Nexus  
  110  7:18  Zealot  
  112  7:24  Stalker x3  
  112  7:27  Pylon  
  118  7:35  Gravitic Drive (Chrono Boost)  
  118  7:36  Pylon  
  117  7:37  Probe  
  117  7:40  Probe  
  117  7:42  Nexus  
  119  7:49  Disruptor (Chrono Boost), Robotics Facility  
  119  7:50  Probe  
  123  7:51  Shield Battery  
  123  7:52  Dark Templar x2  
  123  7:54  Probe  
  123  7:55  Photon Cannon  
  128  8:01  Probe  
  128  8:02  Stalker x3  
  128  8:05  Probe  
  136  8:08  Assimilator  
  136  8:09  Stalker  
  136  8:10  Probe  
  139  8:15  Archon, Probe  
  139  8:17  Probe  
  141  8:20  Photon Cannon  
  141  8:22  Disruptor (Chrono Boost)  
  144  8:27  Stalker x3  
  144  8:33  Stalker x2  
  154  8:39  Probe  
  155  8:44  Observer, Stalker  
  155  8:46  Probe  
  158  8:52  Charge  
  158  8:55  Nexus  
  158  8:56  Probe  
  158  8:58  Colossus (Chrono Boost)  
  163  9:03  Colossus (Chrono Boost)  
  169  9:11  Probe x2  
  169  9:15  Assimilator, Pylon  
  171  9:19  Probe, Pylon  
  171  9:21  Pylon  
  171  9:23  Probe, Pylon  
  173  9:31  Stalker  
  173  9:32  Stalker x2  
  173  9:35  Gateway  
  173  9:36  Extended Thermal Lance (Chrono Boost)  
  173  9:37  Gateway, Protoss Ground Weapons Level 2 (Chrono Boost)  
  179  9:40  Gateway  
  179  9:49  Shield Battery  
  179  9:50  Photon Cannon, Gateway  
  179  9:51  Photon Cannon  
  177  9:58  Colossus  
  183  10:12  Shadow Stride  
  183  10:23  Zealot  
  183  10:24  Zealot x5  
  193  10:36  Unknown, Photon Cannon  
  193  10:38  Photon Cannon  
  193  10:41  Photon Cannon  
  189  10:43  Dark Templar x3  
  189  10:44  Zealot x2  
  195  10:51  Stargate  
  195  10:55  Stargate  
  173  11:13  Colossus  
  173  11:16  Zealot x8  
  177  11:19  Zealot x2  
  177  11:24  Stargate  
  179  11:26  Stargate  
  160  11:43  Nexus, Stalker x4  
  160  11:45  Stalker  
  160  11:46  Stalker x5  
  164  12:07  Pylon  
  168  12:08  Pylon  
  168  12:09  Stalker  
  168  12:10  Stalker x3  
  168  12:12  Dark Templar  
  168  12:13  Dark Templar x2  
  168  12:14  Dark Templar  
Tags
 
Add a new tag
Caveats
  • Supply blocks, unpowered buildings, or Contaminate may cause inaccurate times.
  • Supply counts are checked every 10 seconds.